 Dungeon Crawl Stone Soup version 0.22-b1-21-g5cfc168 (webtiles) character file.

14 Goblin1989 the Insei (level 2, 0/21 HPs)
             Began as a Demonspawn Transmuter on Aug 5, 2018.
             Slain by a jackal (2 damage)
             ... on level 1 of the Dungeon.
             The game lasted 00:01:29 (642 turns).

Goblin1989 the Insei (Demonspawn Transmuter)         Turns: 642, Time: 00:01:30

Health: 0/21       AC:  2    Str: 10    XL:     2   Next: 27%
Magic:  4/5        EV: 12    Int: 14    God:
Gold:   24         SH:  0    Dex: 13    Spells: 4/5 levels left

rFire    . . .     SeeInvis .     - Unarmed
rCold    . . .     Gourm    .   (no shield)
rNeg     . . .     Faith    .   b - +0 robe
rPois    .         Spirit   .   (no helmet)
rElec    .         Reflect  .   (no cloak)
rCorr    .         Harm     .   (no gloves)
MR       .....                  (no boots)
Stlth    +.........             (no amulet)
HPRegen  0.07/turn              (no ring)
MPRegen  0.09/turn              (no ring)

@: appendage
A: horns 2, talons 1
a: End Transformation


You were on level 1 of the Dungeon.
You were not hungry.
You had grown temporary horns.
You visited 1 branch of the dungeon, and saw 1 of its levels.

You collected 24 gold pieces.

Inventory:

Missiles
 a - 12 arrows
Armour
 b - a +0 robe (worn)
Scrolls
 f - a scroll of remove curse {unknown}
 h - a scroll of magic mapping {unknown}
 j - a scroll of identify {unknown}
Potions
 i - a potion of heal wounds {unknown}
Comestibles
 e - a ration
 k - 2 chunks of flesh


   Skills:
 - Level 1.0 Fighting
 - Level 1.7 Dodging
 - Level 3.2 Unarmed Combat
 - Level 2.0 Spellcasting
 + Level 2.1 Transmutations


You had 4 spell levels left.
You knew the following spells:

 Your Spells              Type           Power        Failure   Level  Hunger
a - Beastly Appendage     Tmut           #.....       10%         1    ##.....

Your spell library contained the following spells:

 Spells                   Type           Power        Failure   Level  Hunger
 Spider Form              Tmut/Pois      #.........   43%         3    ####...
 Blade Hands              Tmut           #.........   95%         5    ######.
 Ice Form                 Ice/Tmut       #.......     83%         4    #####..
 Sticks to Snakes         Tmut           #.......     16%         2    ###....


Dungeon Overview and Level Annotations

Branches:
Dungeon (1/15)

Altars:


Innate Abilities, Weirdness & Mutations

You have sharp toenails.
You have a pair of horns on your head.


Message History

The hobgoblin closely misses you.
You hit the hobgoblin but do no damage. Your kick misses the hobgoblin.
You hit the hobgoblin but do no damage. The jackal closely misses you.
The hobgoblin barely misses you.
You barely miss the hobgoblin. The hobgoblin hits you with a club.
The jackal barely misses you.
The jackal bites you but does no damage.
You take 4 damage, and have 17/21 hp.
You hit the hobgoblin. Your kick misses the hobgoblin.
The hobgoblin is moderately wounded.
The jackal closely misses you. The jackal barely misses you.
A jackal comes into view.
The hobgoblin barely misses you.
You barely miss the hobgoblin.
The jackal barks!
Your kick misses the hobgoblin.
The hobgoblin is moderately wounded.
The jackal closely misses you. The jackal completely misses you.
The hobgoblin hits you with a club. The jackal misses you.
You hit the hobgoblin but do no damage. You claw the hobgoblin.
The hobgoblin is almost dead.
The jackal bites you.
The jackal bites you but does no damage.
The jackal bites you. The hobgoblin misses you.
You take 6 damage, and have 11/21 hp.
MASSIVE DAMAGE!!
You are too injured to fight recklessly!
You are too injured to fight recklessly!
You are too injured to fight recklessly!
You are too injured to fight recklessly!
You are too injured to fight recklessly!
You are too injured to fight recklessly!
You are too injured to fight recklessly!
You are too injured to fight recklessly!
You are too injured to fight recklessly!
You are too injured to fight recklessly!
You are too injured to fight recklessly!
You are too injured to fight recklessly!
You are too injured to fight recklessly!
You are too injured to fight recklessly!
You are too injured to fight recklessly!
You are too injured to fight recklessly!
You are too injured to fight recklessly!
You are too injured to fight recklessly!
You are too injured to fight recklessly!
You are too injured to fight recklessly!
You are too injured to fight recklessly!
You are too injured to fight recklessly!
You are too injured to fight recklessly!
You are too injured to fight recklessly!
You are too injured to fight recklessly!
You are too injured to fight recklessly!
You are too injured to fight recklessly!
You are too injured to fight recklessly!
You are too injured to fight recklessly!
The jackal closely misses you. The jackal closely misses you.
Casting: Beastly Appendage (safe; 11% risk of failure)
Confirm with . or Enter, or press ? or * to list all spells.
You grow a pair of large bovine horns.
The jackal bites you but does no damage.
You now have 4/5 mp.
Unknown command.
You closely miss the jackal. Your kick misses the jackal.
The jackal barely misses you.
The jackal bites you but does no damage.
You hit the jackal. Your kick misses the jackal. You headbutt the jackal.
The jackal is almost dead.
The jackal bites you. The jackal barely misses you.
The jackal bites you but does no damage.
You take 1 damage, and have 10/21 hp.
You hit the jackal.
You kill the jackal!
The jackal closely misses you. x2; The hobgoblin hits you with a club.
* * * LOW HITPOINT WARNING * * *
You take 2 damage, and have 8/21 hp.
You hit the hobgoblin but do no damage.
The hobgoblin is almost dead.
The jackal barely misses you. The jackal misses you. x3
You closely miss the hobgoblin. Your kick misses the hobgoblin.
The hobgoblin is almost dead.
The hobgoblin closely misses you.
The jackal bites you but does no damage.
The jackal barely misses you.
You hit the hobgoblin.
You kill the hobgoblin!
The jackal closely misses you. The jackal bites you.
* * * LOW HITPOINT WARNING * * *
You take 3 damage, and have 5/21 hp.
You hit the jackal.
The jackal is lightly wounded.
The jackal closely misses you. The jackal misses you. x2
The jackal bites you.
* * * LOW HITPOINT WARNING * * *
The jackal bites you but does no damage.
The jackal barely misses you.
You take 3 damage, and have 2/21 hp.
You hit the jackal.
The jackal is moderately wounded.
The jackal barely misses you. The jackal bites you.
You die...

.... ..?.. .. .
█. . .█.█ ██.█.█
█ ████....████
█.████h@h........
█..!..h██....████
████...$.█.█.█
█.....█.█.██
█............
█.....███.███
█.....█ .█
███)█.█ █ █.█.█


You could see 3 jackals.

Vanquished Creatures
  A leopard gecko (D:1)
  2 hobgoblins (D:1)
  A jackal (D:1)
  2 kobolds (D:1)
  A bat (D:1)
  A frilled lizard (D:1)
  2 goblins (D:1)
  2 rats (D:1)
12 creatures vanquished.

Notes
Turn   | Place    | Note
-------+----------+-------------------------------------------
     0 | D:1      | Goblin1989 the Demonspawn Transmuter began the quest for the Orb.
     0 | D:1      | Reached XP level 1. HP: 15/15 MP: 3/3
   255 | D:1      | Reached skill level 3 in Unarmed Combat
   503 | D:1      | Gained mutation: You have sharp toenails. [demonic ancestry]
   503 | D:1      | Reached XP level 2. HP: 14/21 MP: 5/5
   642 | D:1      | Slain by a jackal

Skill      XL: |  1  2 |
---------------+-------+-----
Unarmed Combat | 3 |  3.2
Transmutations | 2 |  2.1
Fighting       | |  1.0
Dodging        | |  1.7
Spellcasting   | |  2.0

Action                   || total
-------------------------++-------
Melee: Unarmed           ||    53
       Punch             ||     1
       Kick              ||     3
       Headbutt          ||     1
 Cast: Beastly Appendage ||     2
Armor: Robe              ||    16
Dodge: Dodged            ||    52

Vault maps used:
D:1:      minmay_arrival_open_corners
